 Dungeon Crawl Stone Soup version 0.24-a0-170-gd8427f5 (webtiles) character file.

Game seed: 9462700425307148438

1740 emperorscorpion the Cleaver (level 8, -2/109 HPs)
             Began as a Minotaur Berserker on Mar 7, 2019.
             Was a Priest of Trog.
             Slain by a two-headed ogre
             ... wielding a +0 giant spiked club
              (16 damage)
             ... on level 9 of the Dungeon on Mar 12, 2019.
             The game lasted 00:13:23 (1422 turns).

emperorscorpion the Cleaver (Minotaur Berserker)    Turns: 1422, Time: 00:13:24

Health: -2/109     AC:  9    Str: 29    XL:     8   Next: 77%
Magic:  16/16      EV: 12    Int:  4    God:    Trog [***...]
Gold:   145        SH:  4    Dex: 10    Spells: 7/7 levels left

rFire    . . .     SeeInvis .   a - +1 war axe
rCold    . . .     Gourm    .   (no shield)
rNeg     . . .     Faith    .   l - +2 scale mail
rPois    .         Spirit   .   (helmet restricted)
rElec    .         Reflect  .   (no cloak)
rCorr    .         Harm     .   (no gloves)
MR       ++...                  (no boots)
Stlth    ..........             (no amulet)
HPRegen  1.28/turn              n - ring of magical power
MPRegen  0.15/turn              (no ring)

@: berserking, regenerating, very quick
A: retaliatory headbutt, horns 2, talons 1, large bone plates 1, blurry vision 1
a: Berserk, Trog's Hand, Renounce Religion


You were on level 9 of the Dungeon.
You worshipped Trog.
Trog was most pleased with you.
You were near starving.

You visited 1 branch of the dungeon, and saw 9 of its levels.

You collected 145 gold pieces.

Inventory:

Hand Weapons
 a - a +1 war axe (weapon)
 d - a +0 hand axe
Missiles
 f - 28 poisoned needles
 o - 4 needles of paralysis
Armour
 b - a +0 animal skin
 k - a +0 troll leather armour
 l - a +2 scale mail (worn)
 p - a +0 plate armour
Jewellery
 j - an uncursed ring of magical power
 n - a ring of magical power (left hand)
Scrolls
 e - 4 scrolls of identify
 h - a scroll of enchant armour
 i - a scroll of remove curse
 m - a scroll of fear {unknown}
 q - a scroll of enchant weapon
Potions
 g - a potion of mutation
Comestibles
 c - 7 rations
 r - 5 chunks of flesh


   Skills:
 + Level 7.2 Fighting
 + Level 9.7 Axes
 + Level 6.5 Armour
 + Level 4.4 Dodging
 + Level 1.2 Stealth


You had 7 spell levels left.
You didn't know any spells.
Your spell library was empty.

Dungeon Overview and Level Annotations

Branches:
Dungeon (9/15)
 Temple: D:4-7         Lair: D:8-11         Orc: D:9-12

Altars:
Dithmenos

Shops:
D:8 =


Innate Abilities, Weirdness & Mutations

You reflexively headbutt those who attack you in melee.
You have a pair of horns on your head.
You have sharp toenails.
You are partially covered in large bone plates. (SH +4)
Scrolls take you a little longer to read.


Message History

You slash the sky beast! You closely miss the sky beast.
You claw the sky beast. Your headbutt misses the sky beast.
The sky beast is almost dead.
The sky beast hits you but does no damage.
You barely miss the sky beast. Your kick misses the sky beast.
The sky beast is almost dead.
The sky beast hits you.
* * * LOW HITPOINT WARNING * * *
The sky beast shocks you.
* * * LOW HITPOINT WARNING * * *
You completely miss the two-headed ogre.
You claw the two-headed ogre. You headbutt the two-headed ogre.
The two-headed ogre is lightly wounded.
You closely miss the sky beast. You slice the two-headed ogre!!
You claw the two-headed ogre!
The two-headed ogre is severely wounded.
You closely miss the sky beast. The sky beast barely misses you.
The two-headed ogre hits you with a +0 giant spiked club!
You die...

#..# #..#
#..# #... .
#..# #...
..####..#
#####..#
#........#
......#
#........#
...?#
#..####..#
#..# #.
#..# #.@#
#..# #YO#
#. #..#
######.5#
#..####..#
........#
#........#
........#
#........#
######.Y#
..####..#
#..# #..#
#..# #..#
#..# #YY#
..######..#
#..# #..#


You could see a two-headed ogre, a yak, a sky beast and a shadow imp.

Vanquished Creatures
  A troll (D:9)
  2 yaks (D:9)
  An orc warrior (D:6)
  An ogre (D:4)
  2 bullfrogs (D:9)
  A water moccasin zombie (D:6)
  A scorpion (D:9)
  4 killer bees (D:8)
  4 wights (D:9)
  A hound (D:4)
  A jelly (D:6)
  2 orc priests (D:4)
  4 orc wizards
  An iguana (D:4)
  3 worker ants
  4 adders
  8 gnolls
  An adder zombie (D:4)
  2 dart slugs (D:2)
  A leopard gecko (D:4)
  4 orcs
  6 giant cockroaches
  3 goblins
  4 hobgoblins
  7 jackals (D:6)
  2 kobolds (D:1)
  3 quokkas
  A ball python (D:1)
  3 bats (D:1)
  A frilled lizard (D:1)
  4 rats
83 creatures vanquished.

Notes
Turn   | Place    | Note
-------+----------+-------------------------------------------
     0 | D:1      | emperorscorpion the Minotaur Berserker began the quest for
                  | the Orb.
     0 | D:1      | Reached XP level 1. HP: 19/19 MP: 0/0
   105 | D:1      | Reached XP level 2. HP: 20/27 MP: 1/1
   169 | D:1      | Reached skill level 4 in Axes
   201 | D:1      | Gained mutation: You have sharp toenails. [potion of
                  | mutation]
   201 | D:1      | Gained mutation: Scrolls take you a little longer to read.
                  | [potion of mutation]
   201 | D:1      | Gained mutation: You are partially covered in large bone
                  | plates. (SH +4) [potion of mutation]
   374 | D:2      | Reached XP level 3. HP: 34/34 MP: 2/2
   636 | D:3      | Found a faded altar of an unknown god.
   691 | D:4      | Reached ** piety under Trog
   691 | D:4      | Reached XP level 4. HP: 41/41 MP: 3/3
   693 | D:4      | Reached skill level 5 in Fighting
   693 | D:4      | Reached skill level 5 in Axes
   751 | D:4      | Reached XP level 5. HP: 48/48 MP: 4/4
   781 | D:4      | Noticed an ogre
   790 | D:4      | Killed an ogre
   790 | D:4      | Reached skill level 6 in Axes
   790 | D:4      | Reached XP level 6. HP: 47/56 MP: 5/5
   837 | D:5      | Entered Level 5 of the Dungeon
   966 | D:6      | Reached skill level 1 in Stealth
   967 | D:6      | Upgraded the game from 0.24-a0-169-g71aafec to
                  | 0.24-a0-170-gd8427f5
  1051 | D:6      | Noticed an orc warrior
  1066 | D:6      | Killed an orc warrior
  1066 | D:6      | Reached skill level 7 in Axes
  1066 | D:6      | Reached XP level 7. HP: 62/62 MP: 6/6
  1156 | D:8      | Found a shadowy altar of Dithmenos.
  1178 | D:8      | Found Zaemoc's Jewellery Emporium.
  1189 | D:8      | Reached *** piety under Trog
  1208 | D:8      | Reached skill level 5 in Armour
  1225 | D:9      | Reached skill level 8 in Axes
  1228 | D:9      | Reached XP level 8. HP: 25/71 MP: 7/7
  1295 | D:9      | Noticed a troll
  1309 | D:9      | Killed a troll
  1312 | D:9      | Reached skill level 9 in Axes
  1369 | D:9      | Noticed a two-headed ogre
  1422 | D:9      | Slain by a two-headed ogre

Levels and vault maps discovered:
D:1:      moated_graveyard_arrival, layout_loops_ring,
          wander_ebering_terrifying_dragon_lair
D:2:      layout_basic, chequers_decorated_corner, serial_park_tiny_1,
          uniq_terence
D:3:      layout_basic, chequers_ecumenical_altar_simple_redux, serial_glass,
          glass_columns_a, glass_columns_c, first_ration, grunt_ministairs_12
D:4:      kennysheep_big_flooded_room, layout_cave_pools
D:5:      minmay_thinvault, layout_loops_cross, overflow_temple_1_default
D:6:      layout_basic, uniq_eustachio
D:7:      layout_loops_ring, minmay_temple_entry_gardened_gates,
          nicolae_tso_carved_into_rock, uniq_pikel
D:8:      layout_basic, lemuel_round_altar, gammafunk_temple_overflow_elements,
          lair_entry_dummy, serial_shops, shop, david_nohive_1
D:9:      layout_small_grid, uniq_joseph

Skill      XL: |  1  2  3  4  5  6  7  8 |
---------------+-------------------------+-----
Fighting       | 4 5 6 7 |  7.2
Axes           | 4 5 6 7 8 9 |  9.7
Armour         | 3 5 6 |  6.5
Dodging        | 3 4 |  4.4
Stealth        | 1 |  1.2

Action                   |  1- 3 |  4- 6 |  7- 9 || total
-------------------------+-------+-------+-------++-------
Melee: Hand axe          |    36 |       |       ||    36
       Headbutt          |     8 |     6 |    11 ||    25
       Kick              |     5 |    10 |    13 ||    28
       War axe           |     6 |    40 |    47 ||    93
Invok: Berserk           |     5 |     4 |     3 ||    12
       Trog's Hand       |       |       |     2 ||     2
  Use: Scroll            |     3 |     9 |       ||    12
       Potion            |     1 |       |     1 ||     2
  Eat: Chunk             |     2 |     6 |     4 ||    12
Armor: Animal skin       |    12 |       |       ||    12
       Scale mail        |     3 |    19 |    30 ||    52
Dodge: Dodged            |    39 |    28 |    44 ||   111
Block: Other             |     9 |     7 |     9 ||    25

Table legend:
 A = Non-vault XP
 B = Vault XP
 C = Vault XP percentage of total XP
 D = Non-vault monster count
 E = Vault monster count
 F = Vault count percentage of total count
                 A         B        C        D         E       F
            +---------+---------+-------+---------+---------+-------
      Total |    2237 |     249 |  10.0 |      79 |       4 |   4.8
            +---------+---------+-------+---------+---------+-------
        D:1 |      28 |       0 |   0.0 |      17 |       0 |   0.0
        D:2 |      23 |       0 |   0.0 |       4 |       0 |   0.0
        D:3 |      43 |       0 |   0.0 |      10 |       0 |   0.0
        D:4 |     427 |       0 |   0.0 |      14 |       0 |   0.0
        D:5 |      36 |       0 |   0.0 |       2 |       0 |   0.0
        D:6 |     383 |       0 |   0.0 |      14 |       0 |   0.0
        D:8 |      42 |     249 |  85.6 |       3 |       4 |  57.1
        D:9 |    1255 |       0 |   0.0 |      15 |       0 |   0.0
            +---------+---------+-------+---------+---------+-------
